 Dungeon Crawl Stone Soup version 0.14-a0-1585-g835621a (webtiles) character file.

31241 Fv001 the Hoplite (level 13, -14/117 HPs)
             Began as a Gargoyle Fighter on Dec 22, 2013.
             Was the Champion of Okawaru.
             Killed from afar by an ice dragon (18 damage)
             ... with a blast of cold
             ... in an ice cave.
             The game lasted 02:12:53 (18842 turns).

Fv001 the Hoplite (Gargoyle Fighter)               Turns: 18842, Time: 02:12:55

HP -14/117       AC 39     Str 22      XL: 13   Next: 51%
MP   0/23        EV  1     Int 14      God: Okawaru [******]
Gold 787         SH 24     Dex 10      Spells:  0 memorised, 20 levels left

rFire  . . .     SeeInvis .     q - +2,+4 flail (protect)
rCold  . . .     Clarity  .     Q - melded +5 plate armour of Okawaru's Hatred {Str+3 Dam+3}
rNeg   + + +     Conserve .     M - +1 dwarf shield
rPois  +         rCorr    .     p - +1 helmet
rElec  .         rRot     +     h - melded +1 cloak
SustAb . .       Spirit   +     x - melded +1 pair of gloves "Erayr" {Dam+2 Stlth+}
rMut   .         Warding  .     (boots currently unavailable)
Saprov . . .     NoTele   +     U - amulet of guardian spirit
                                a - +3 ring of intelligence
                                A - +6 ring of protection

@: tree-form, somewhat resistant to hostile enchantments, very stealthy
A: life protection 1, (electricity resistance), (unbreathing), petrification
resistance, AC +9
a: Heroism, Finesse, Renounce Religion


You were in an ice cave.
You worshipped Okawaru.
Okawaru was exalted by your worship.
You were not hungry.
You were an animated tree.
You visited 3 branches of the dungeon, and saw 18 of its levels.
You also visited: Ice Cave.

You collected 1109 gold pieces.
You spent 322 gold pieces at shops.

Inventory:

Hand weapons
 q - a +2,+4 flail of protection (weapon)
 E - a +0,+1 broad axe
Missiles
 g - 61 darts
 m - 106 stones
 w - 3 steel darts
 C - 7 poisoned tomahawks
 W - a tomahawk (quivered)
Armour
 h - a +1 cloak (melded)
 p - a +1 helmet (worn)
 x - the +1 pair of gloves "Erayr" (melded) {Dam+2 Stlth+}
   (You found it on level 5 of the Lair of Beasts)

   It affects your damage-dealing abilities (+2).
   It makes you much more stealthy.
 M - a +1 dwarven shield (worn)
 Q - the +5 plate armour of Okawaru's Hatred (melded) {Str+3 Dam+3}
   (Okawaru gifted it to you on level 3 of the Lair of Beasts)

   It affects your strength (+3).
   It affects your damage-dealing abilities (+3).
Magical devices
 r - a wand of draining (7)
 N - a wand of frost (8)
 O - a wand of magic darts (4)
Comestibles
 d - 7 bread rations
 f - 7 meat rations
 i - a choko
 u - 6 apples
 F - a royal jelly
Scrolls
 b - 3 scrolls of magic mapping
 j - 13 scrolls of remove curse
 v - 2 scrolls of fear
 D - a scroll of recharging
 Y - 2 scrolls of teleportation
Jewellery
 a - a +3 ring of intelligence (right branch)
 z - a cursed ring of teleportation
 A - a +6 ring of protection (left branch)
 J - an uncursed ring of sustain abilities
 T - an uncursed ring of teleport control {unknown}
 U - an amulet of guardian spirit (around neck)
 Z - an uncursed amulet of warding {unknown}
Potions
 n - a potion of brilliance
 R - a potion of speed
Books
 y - a book of Clouds

   Spells                             Type                      Level
   Mephitic Cloud                     Conjuration/Poison/Air       3
   Conjure Flame                      Conjuration/Fire             3
   Poisonous Cloud                    Conjuration/Poison/Air       6
   Freezing Cloud                     Conjuration/Ice/Air          6
   Ring of Flames                     Charms/Fire                  7


   Skills:
 + Level 7.9 Fighting
 + Level 6.7 Axes
 + Level 8.0 Maces & Flails
 + Level 5.5 Throwing
 * Level 10.4 Armour
 + Level 6.9 Dodging
 + Level 5.0 Stealth
 * Level 14.3 Shields
 + Level 4.0 Spellcasting
 + Level 0.8 Evocations


You had 20 spell levels left.
You didn't know any spells.

Dungeon Overview and Level Annotations

Branches:
Dungeon (10/16)            Temple (1/1) D:7            Lair (7/8) D:10
 Shoals (0/5) Lair:3        Snake (0/5) Lair:5
    Orc: D:9-12       Slime: Lair:6-8

Altars:
Ashenzari
Elyvilon
Fedhas
Nemelex Xobeh
Okawaru
Trog
Vehumet
Xom
Yredelemnul
Zin
the Shining One

Shops:
D:5 }   D:9 ?

Annotations:
IceCv exclusion: ice statue


Innate Abilities, Weirdness & Mutations

You are resistant to torment.
You are immune to poison.
((Your stone body is very resilient (AC +9).))*
You resist negative energy.
((You are resistant to electric shocks.))*
((You can survive without breathing.))*
You are immune to petrification.


Message History

* * * LOW HITPOINT WARNING * * *
Drink which item? (? for menu, Esc to quit)
You turn into an animated tree.
Your +1 cloak melds into your body.
The +1 pair of gloves "Erayr" {Dam+2 Stlth+} melds into your body.
The +5 plate armour of Okawaru's Hatred {Str+3 Dam+3} melds into your body.
You feel weaker.
Your roots penetrate the ground.
The ice dragon bites you but does no damage.
You block the ice dragon's attack.
The ice dragon tramples you but does no damage.
The ice dragon breathes frost at you. The blast of cold hits you!
* * * LOW HITPOINT WARNING * * *
You sock the ice dragon!
The ice dragon is almost dead.
The ice dragon breathes frost at you. The blast of cold hits you!
Your potion of restore abilities freezes and shatters!
Your potion of cure mutation freezes and shatters!
You die...

##..###
##...#
###.###
#..#.##
##.##..#
#..#...#
##...#.##
#####..#
#♣D.#
##D.#
##.# ..#
D..#
...##
....
.....
...#


You could see 2 ice dragons.

Vanquished Creatures
  Harold (Lair:2)
  4 hydras
  Erica (Lair:2)
  The ghost of wojtek the Pandemonic, an experienced TeGl of Makhleb (Lair:2)
  An ice statue (IceCv)
  The ghost of M4edhros the Nimble, an experienced OpTm of Xom (D:8)
  A griffon (Lair:6)
  A wolf spider (D:10)
  3 black mambas
  7 spiny frogs
  The ghost of M4edhros the Insei, an experienced OpTm of Xom (D:6)
  2 trolls (D:10)
  A wandering mushroom (Lair:6)
  6 komodo dragons
  15 blink frogs
  2 basilisks
  3 ugly things (D:9)
  5 hippogriffs
  3 sharks (Lair:3)
  17 yaks
  2 wyverns
  6 wolves
  A hill giant skeleton (D:10)
  2 manticores (D:8)
  5 porcupines
  3 sky beasts
  25 ice beasts
  A phantom (D:8)
  4 giant goldfish
  A yellow wasp (D:10)
  2 black bears
  14 crocodiles
  An orc warrior (D:9)
  6 ogres
  A boring beetle (Lair:6)
  Sigmund (D:3)
  Duvessa (D:9)
  3 centaurs
  9 water moccasins
  5 giant slugs
  4 agate snails
  A big kobold (D:10)
  11 giant frogs
  A jellyfish (D:10)
  9 killer bees
  An electric eel (Lair:3)
  Dowan (D:9)
  5 crimson imps
  A quasit (D:10)
  A centaur zombie (D:6)
  3 goliath beetles
  2 giant frog skeletons
  A big fish (Lair:3)
  A gnoll shaman (D:10)
  A jelly (D:8)
  Crazy Yiuf (D:7)
  2 orc priests
  10 hounds
  5 orc wizards
  4 scorpions
  An orange rat (D:7)
  11 worker ants
  6 iguanas
  A sky beast zombie (D:6)
  A hound skeleton (D:6)
  A mummy (D:8)
  15 adders
  9 gnolls
  4 giant centipedes
  2 giant mites
  44 green rats
  3 white imps (D:10)
  8 worms
  2 ufetubi (D:10)
  A giant centipede zombie (D:8)
  4 grey rats (D:7)
  3 giant eyeballs
  A goliath beetle simulacrum (D:10)
  8 giant geckos
  2 oozes
  26 orcs
  6 giant cockroaches
  13 hobgoblins
  24 kobolds
  12 quokkas
  3 ball pythons
  27 bats
  8 giant newts
  A giant spore (D:7)
  8 goblins
  A hobgoblin skeleton (D:7)
  16 jackals
  An orc zombie (D:8)
  28 rats
  3 ballistomycetes (D:7)
  A plant (D:10)
539 creatures vanquished.

Vanquished Creatures (others)
  An orc wizard (D:4)
  2 plants (D:10)
3 creatures vanquished.

Grand Total: 542 creatures vanquished

Notes
Turn   | Place    | Note
--------------------------------------------------------------
     0 | D:1      | Fv001, the Gargoyle Fighter, began the quest for the Orb.
     0 | D:1      | Reached XP level 1. HP: 14/14 MP: 1/1
   234 | D:1      | Reached XP level 2. HP: 13/19 MP: 2/2
   860 | D:2      | Reached XP level 3. HP: 21/23 MP: 3/3
   895 | D:2      | Reached skill level 1 in Stealth
   956 | D:2      | Found a radiant altar of Vehumet.
   971 | D:2      | HP: 1/23 [kobold/wand of flame (2)]
  1027 | D:2      | Reached skill level 1 in Dodging
  1253 | D:2      | Reached XP level 4. HP: 28/28 MP: 4/4
  1419 | D:2      | Reached skill level 4 in Shields
  1874 | D:3      | Reached skill level 1 in Throwing
  2059 | D:3      | Noticed Sigmund
  2102 | D:3      | Killed Sigmund
  2102 | D:3      | Reached XP level 5. HP: 6/32 MP: 2/5
  2588 | D:4      | Reached XP level 6. HP: 25/37 MP: 4/6
  3465 | D:4      | Paralysed by a giant eyeball for 3 turns
  3471 | D:4      | Paralysed by a giant eyeball for 4 turns
  3499 | D:4      | Reached XP level 7. HP: 36/42 MP: 5/7
  3576 | D:4      | Noticed an ogre
  3589 | D:4      | Killed an ogre
  3737 | D:5      | Entered Level 5 of the Dungeon
  3969 | D:5      | Found Wuyvvoren's Gadget Emporium.
  4083 | D:5      | Reached skill level 5 in Shields
  4262 | D:5      | Reached skill level 5 in Armour
  4349 | D:5      | Reached XP level 8. HP: 18/48 MP: 3/8
  5202 | D:5      | Reached skill level 1 in Spellcasting
  5455 | D:6      | Paralysed by a giant eyeball for 3 turns
  5461 | D:6      | Paralysed by a giant eyeball for 2 turns
  5510 | D:6      | Reached skill level 6 in Shields
  6008 | D:6      | Reached XP level 9. HP: 52/52 MP: 13/13
  6052 | D:6      | Noticed M4edhros' ghost (experienced OpTm)
  6107 | D:6      | Killed M4edhros' ghost
  6173 | D:6      | Reached skill level 7 in Shields
  6507 | D:7      | Found a basalt altar of Yredelemnul.
  6755 | D:7      | Reached skill level 5 in Maces & Flails
  7088 | D:7      | Reached skill level 8 in Shields
  7317 | D:7      | Found a staircase to the Ecumenical Temple.
  7323 | Temple   | Entered the Ecumenical Temple
  7333 | Temple   | Became a worshipper of Warmaster Okawaru
  7438 | D:7      | Noticed Crazy Yiuf
  7446 | D:7      | Paralysed by Crazy Yiuf for 2 turns
  7453 | D:7      | Killed Crazy Yiuf
  7712 | D:8      | Reached skill level 1 in Axes
  7739 | D:8      | Noticed M4edhros' ghost (experienced OpTm)
  7780 | D:8      | Killed M4edhros' ghost
  7780 | D:8      | Reached skill level 9 in Shields
  7780 | D:8      | Reached XP level 10. HP: 20/58 MP: 11/18
  8354 | D:8      | Reached skill level 5 in Fighting
  8822 | D:9      | Noticed Duvessa
  8825 | D:9      | Noticed Dowan
  8841 | D:9      | Killed Duvessa
  8842 | D:9      | Killed Dowan
  9347 | D:9      | Acquired Okawaru's first power
  9399 | D:9      | Found Ymamiuda's Magic Scroll Shop.
  9407 | D:9      | Bought a scroll of identify for 34 gold pieces
  9407 | D:9      | Bought a scroll of noise for 17 gold pieces
  9407 | D:9      | Bought a scroll of enchant weapon II for 93 gold pieces
  9407 | D:9      | Bought a scroll of curse jewellery for 34 gold pieces
  9407 | D:9      | Bought a scroll of identify for 34 gold pieces
  9407 | D:9      | Bought a scroll of immolation for 59 gold pieces
  9407 | D:9      | Bought a scroll of teleportation for 51 gold pieces
  9446 | D:9      | Reached skill level 5 in Dodging
  9648 | D:9      | Found a white marble altar of Elyvilon.
  9732 | D:10     | Entered Level 10 of the Dungeon
 10088 | D:10     | Paralysed by a giant eyeball for 3 turns
 10092 | D:10     | Reached skill level 10 in Shields
 10094 | D:10     | Paralysed by a giant eyeball for 2 turns
 10160 | D:10     | Reached skill level 5 in Axes
 10169 | D:10     | Reached XP level 11. HP: 32/64 MP: 14/20
 10336 | D:10     | Found a shattered altar of Ashenzari.
 10512 | D:10     | Noticed a wolf spider
 10536 | D:10     | Killed a wolf spider
 10902 | D:10     | Identified a +0 rod of the swarm (9/9) (You took it off an ogre on level 10 of the Dungeon)
 10964 | D:10     | Found a staircase to the Lair.
 11069 | Lair:1   | Entered Level 1 of the Lair of Beasts
 11514 | Lair:1   | Reached skill level 11 in Shields
 11820 | Lair:1   | Noticed a four-headed hydra
 11831 | Lair:1   | Killed a four-headed hydra
 11962 | Lair:1   | Acquired Okawaru's second power
 12081 | Lair:1   | Reached skill level 5 in Throwing
 12489 | Lair:2   | Noticed wojtek's ghost (experienced TeGl)
 12518 | Lair:2   | Killed wojtek's ghost
 12612 | Lair:2   | HP: 3/66 [blink frog (5)]
 12614 | Lair:2   | Reached XP level 12. HP: 4/71 MP: 2/20
 12849 | Lair:2   | Noticed Harold
 12875 | Lair:2   | Killed Harold
 12875 | Lair:2   | Reached skill level 12 in Shields
 13139 | Lair:2   | Noticed Erica
 13154 | Lair:2   | Killed Erica
 13894 | Lair:3   | Received a gift from Okawaru
 13895 | Lair:3   | Got a diamond-encrusted plate armour {god gift}
 13919 | Lair:3   | Identified the +5 plate armour of Okawaru's Hatred {Str+3 Dam+3} (Okawaru gifted it to you on level 3 of the Lair of Beasts)
 14207 | Lair:3   | Found a staircase to the Shoals.
 16058 | Lair:5   | Reached skill level 5 in Stealth
 16218 | Lair:5   | Found a staircase to the Snake Pit.
 16227 | Lair:5   | Got a pair of transparent gloves
 16416 | Lair:1   | Identified the +1 pair of gloves "Erayr" {Dam+2 Stlth+} (You found it on level 5 of the Lair of Beasts)
 16695 | Lair:5   | Reached skill level 13 in Shields
 17455 | Lair:6   | Reached XP level 13. HP: 76/76 MP: 23/23
 17654 | Lair:6   | Reached skill level 10 in Armour
 17666 | Lair:6   | Noticed a six-headed hydra
 17677 | Lair:6   | Killed a six-headed hydra
 17680 | Lair:6   | Received a gift from Okawaru
 17762 | Lair:6   | Noticed a five-headed hydra
 17783 | Lair:6   | Killed a five-headed hydra
 18218 | Lair:6   | Reached skill level 14 in Shields
 18454 | Lair:7   | Found a frozen archway.
 18463 | IceCv    | Entered an ice cave
 18841 | IceCv    | HP: 4/117 [ice dragon/blast of cold (6)]
 18842 | IceCv    | Killed from afar by an ice dragon

Action                   |  1- 3 |  4- 6 |  7- 9 | 10-12 | 13-15 || total
-------------------------+-------+-------+-------+-------+-------++-------
Melee: Mace              |   115 |   261 |   647 |       |       ||  1023
       Broad axe         |       |       |   134 |   546 |    37 ||   717
       Flail             |       |       |       |   879 |   302 ||  1181
Throw: Dart              |    22 |    88 |    75 |   152 |     3 ||   340
       Tomahawk          |       |       |     1 |    23 |     2 ||    26
       Stone             |       |       |       |     6 |       ||     6
Evoke: Wand              |       |     3 |    10 |     6 |       ||    19
       Rod               |       |       |       |     2 |       ||     2
  Use: Scroll            |     4 |     4 |     4 |    19 |     6 ||    37
       Potion            |     1 |     4 |     2 |     8 |     2 ||    17
